 Dungeon Crawl Stone Soup version 0.27-a0-1325-g58a489ad9e (webtiles) character file.

Game seed: 8780407994839475825

3832 Arzdou the Cleaver (level 10, -2/92 HPs)
             Began as a Hill Orc Fighter on June 24, 2021.
             Was a Follower of Beogh.
             Succumbed to a killer bee's poison
             ... on level 9 of the Dungeon.
             The game lasted 00:25:36 (9965 turns).

Arzdou the Cleaver (Hill Orc Fighter)               Turns: 9965, Time: 00:25:36

Health: -2/92      AC:  9    Str: 20    XL:     10   Next: 18%
Magic:  10/10      EV:  9    Int:  8    God:    Beogh [*.....]
Gold:   533        SH:  5    Dex: 13    Spells: 9/9 levels left

rFire    + . .     SeeInvis .   v - +3 battleaxe (vorpal)
rCold    + . .     Faith    .   (shield currently unavailable)
rNeg     . . .     Spirit   .   b - +0 scale mail
rPois    +         Reflect  +   (no helmet)
rElec    +         Harm     .   n - +0 cloak
rCorr    +         Rampage  .   (no gloves)
Will     +....                  (no boots)
Stlth    ..........             y - amulet of reflection
HPRegen  0.25/turn              D - ring of willpower
MPRegen  0.12/turn              (no ring)

@: lethally poisoned (-2 -> -11), resistant
A: no striking features
a: Renounce Religion


You were on level 9 of the Dungeon.
You worshipped Beogh.
Beogh was aware of your devotion.
You visited 1 branch of the dungeon, and saw 9 of its levels.

You collected 533 gold pieces.

Inventory:

Hand Weapons
 a - a +0 war axe
 v - a +3 vorpal battleaxe (weapon)
 B - a +4 flail
Armour
 b - a +0 scale mail (worn)
 d - a +2 kite shield
 n - a +0 cloak (worn)
Magical Staves
 h - a staff of death
Jewellery
 y - an amulet of reflection (around neck)
 D - a ring of willpower (left hand)
Wands
 g - a wand of digging (7)
 l - a wand of paralysis (12)
 t - a wand of flame (25) (quivered)
Scrolls
 f - a scroll of amnesia
 i - a scroll of brand weapon {unknown}
 k - a scroll of silence {unknown}
 m - a scroll of fear {unknown}
 p - a scroll of noise {unknown}
 q - 2 scrolls of enchant armour {unknown}
 s - a scroll of holy word {unknown}
 u - a scroll of vulnerability {unknown}
 A - a scroll of enchant weapon
Potions
 c - a potion of cancellation {unknown}
 e - a potion of mutation {unknown}
 o - 2 potions of ambrosia
 w - a potion of magic {unknown}
 x - a potion of resistance
 z - 2 potions of brilliance {unknown}
 C - a potion of haste {unknown}


   Skills:
 + Level 9.7 Fighting
 + Level 12.0 Axes
 + Level 9.1 Armour
 - Level 1.0 Stealth
 + Level 9.6 Shields
 * Level 1.2 Invocations


You had 9 spell levels left.
You didn't know any spells.
Your spell library contained the following spells:

 Spells                   Type           Power      Damage    Failure   Level
 Corpse Rot               Necr/Air       N/A        N/A       85%         2
 Sublimation of Blood     Necr           0%         N/A       85%         2
 Dispel Undead            Necr           0%         3d6       100%        4
 Agony                    Necr           0%         N/A       100%        5
 Excruciating Wounds      Necr           0%         N/A       100%        5


Dungeon Overview and Level Annotations

Branches:
Dungeon (9/15)             Temple (0/1) D:5
   Lair: D:8-11         Orc: D:9-12

Altars:
Ashenzari
Okawaru
Trog
Wu Jian
Xom
Zin

Shops:
D:7 :

Annotations:
D:6 2 transporters, sn0wgr3's ghost, novice GrFi


Message History

You hear an angry buzzing noise.
The killer bee rages.
The killer bee stings you but does no damage.
The killer bee rages.
The killer bee stings you but does no damage.
The killer bee rages.
The killer bee stings you.
* * * LOW HITPOINT WARNING * * *
You block the killer bee's attack. The killer bee barely misses you.
You block the killer bee's attack.
You hear an angry buzzing noise.
You block the killer bee's attack. The killer bee stings you.
* * * LOW HITPOINT WARNING * * *
The killer bee stings you but does no damage.
There is a stone staircase leading down here.
You can't go up here!
The killer bee barely misses you. The killer bee stings you!
* * * LOW HITPOINT WARNING * * *
You are poisoned.
The killer bee poisons you! The killer bee stings you.
* * * LOW HITPOINT WARNING * * *
You climb downwards. 5 slime creatures come into view.
* * * LOW HITPOINT WARNING * * *
You feel sick.
The slime creature quivers. x5
Found a potion of might.
Found a stone staircase leading down.
There is a stone staircase leading up here.
You feel better. The killer bee stings you.
* * * LOW HITPOINT WARNING * * *
The killer bee barely misses you. The killer bee closely misses you.
The killer bee stings you but does no damage.
The killer bee barely misses you.
The killer bee is no longer berserk.
The killer bee stings you.
* * * LOW HITPOINT WARNING * * *
You are lethally poisoned!
The killer bee poisons you! The killer bee stings you!
* * * LOW HITPOINT WARNING * * *
Found 17 sling bullets.
You die...

#.# #.##.##...!.
...##....#......
....#...........
.........J.....
.## #............
....#...........#
#................
#...............#
................
.(.............
...............


You could see 5 slime creatures and a killer bee (slow).

Vanquished Creatures
  A hornet (D:7)
  4 yaks (D:7)
  A water moccasin (D:7)
  A hornet zombie (D:7)
  An ice beast (D:7)
  A black bear (D:5)
  An ogre (D:6)
  A centaur (D:5)
  Blork the orc (D:5)
  3 bullfrogs
  A kobold brigand (D:3)
  3 scorpions
  2 water moccasin zombies (D:5)
  A wyvern skeleton (D:7)
  5 killer bees
  5 wights
  4 howler monkeys (D:3)
  A centaur zombie (D:4)
  A gnoll shaman (D:5)
  5 hounds
  An orc priest (D:6)
  5 jellies
  2 centaur skeletons
  An iguana (D:5)
  3 orc wizards (D:6)
  A hound skeleton (D:4)
  A howler monkey zombie (D:6)
  21 gnolls
  4 adders
  A shadow imp (D:5)
  An adder zombie (D:5)
  3 adder skeletons
  3 dart slugs
  26 orcs
  3 endoplasms
  2 giant cockroaches (D:1)
  3 goblins
  2 hobgoblins
  19 jackals
  2 kobolds
  A quokka (D:1)
  5 ball pythons
  2 bats
  7 frilled lizards
  7 rats (D:1)
169 creatures vanquished.

Vanquished Creatures (others)
  An orc priest (D:6)
  An orc wizard (D:6)
  3 fungi (D:3)
  17 plants
  A withered plant (D:2)
23 creatures vanquished.

Grand Total: 192 creatures vanquished

Notes
Turn   | Place    | Note
-------+----------+-------------------------------------------
     0 | D:1      | Arzdou the Hill Orc Fighter began the quest for the Orb.
     0 | D:1      | Reached XP level 1. HP: 19/19 MP: 1/1
   482 | D:1      | Reached XP level 2. HP: 27/27 MP: 2/2
   551 | D:1      | Reached skill level 3 in Axes
   937 | D:2      | Found a faded altar of an unknown god.
  1088 | D:2      | Reached XP level 3. HP: 33/33 MP: 3/3
  1896 | D:3      | Found an ornate altar of the Wu Jian Council.
  2013 | D:3      | Reached XP level 4. HP: 40/40 MP: 4/4
  2165 | D:3      | Reached skill level 4 in Axes
  2348 | D:3      | Noticed a kobold brigand
  2688 | D:3      | Found a bloodstained altar of Trog.
  2732 | D:3      | Reached XP level 5. HP: 16/46 MP: 5/5
  3547 | D:3      | Reached skill level 5 in Axes
  3649 | D:3      | Reached skill level 1 in Stealth
  3728 | D:2      | Reached XP level 6. HP: 52/52 MP: 6/6
  3844 | D:3      | Reached skill level 5 in Armour
  4058 | D:3      | Reached skill level 9 in Axes
  4058 | D:3      | Reached XP level 7. HP: 69/69 MP: 7/7
  4139 | D:3      | Reached skill level 10 in Axes
  4705 | D:4      | Reached XP level 8. HP: 77/77 MP: 8/8
  5293 | D:5      | Entered Level 5 of the Dungeon
  5324 | D:5      | Noticed an angel
  5329 | D:5      | Found a shimmering altar of Xom.
  5549 | D:5      | Found a glowing silver altar of Zin.
  5721 | D:5      | Found a broken altar of Ashenzari.
  6048 | D:5      | Noticed Blork the orc
  6057 | D:5      | Killed Blork the orc
  6148 | D:5      | Found a staircase to the Ecumenical Temple.
  6589 | D:6      | Reached XP level 9. HP: 78/83 MP: 9/9
  6614 | D:6      | Became a worshipper of Beogh the Brigand
  6847 | D:6      | Found a transporter.
  6847 | D:6      | Noticed sn0wgr3's ghost (novice GrFi)
  6848 | D:6      | Identified the +2 great mace of Hairy Responsibility
                  | {drain, +Rage rPois rF+++ Dex-2}
  6859 | D:6      | Found a transporter.
  7331 | D:6      | Reached skill level 11 in Axes
  9082 | D:7      | Found Noing's Book Shoppe.
  9083 | D:7      | Noticed a hornet
  9107 | D:7      | Killed a hornet
  9108 | D:7      | Reached XP level 10. HP: 32/91 MP: 10/10
  9349 | D:7      | Found an iron altar of Okawaru.
  9532 | D:7      | Reached * piety under Beogh
  9748 | D:7      | Noticed a red ugly thing
  9887 | D:8      | Reached skill level 1 in Invocations
  9947 | D:8      | Reached skill level 12 in Axes
  9964 | D:9      | HP: 1/92 [killer bee (8)]
  9965 | D:9      | Succumbed to a killer bee's poison

Illustrated notes

Levels and vault maps discovered:
D:1:      dpeg_arrival_ratfight, layout_loops_ring
D:2:      layout_loops_ring, shapermc_ecumenical_altar_gd,
          chequers_hall_statues_wall_a, minmay_misc_feat_tiny
D:3:      lemuel_castle_with_subvaults [lemuel_castle_interior_carwin_3],
          layout_basic, lightli_temple_of_fire, old_standard_altar
D:4:      layout_gridville, kennysheep_generic_room_13
D:5:      layout_loops_cross, grunt_temple_overflow_order_and_chaos_1,
          kennysheep_mini, minmay_temple_entry_trees, minmay_strange_pillars,
          grunt_decor_arrowhead, uniq_blork_the_orc
D:6:      layout_rooms, gammafunk_ghost_smash, minmay_misc_feat_rows,
          nrook_campfire
D:7:      layout_loops_cross, lemuel_crystal_altar, serial_shops,
          nicolae_shop_waterfront, lightli_corner_chamber
D:8:      layout_loops_ring, lemuel_tele_altar, nicolae_overflow_hidden_temple,
          nicolae_overflow_crystal_walls, nicolae_looking_at_the_future
D:9:      layout_cave_pools, grunt_gozag_breadcrumbs, dk_noncrumbling_3,
          minmay_stone_trees_small

Skill      XL: |  1  2  3  4  5  6  7  8  9 10 |
---------------+-------------------------------+-----
Axes           | 3 4 5 9 10 11 12 | 12.0
Armour         | 4 8 9 |  9.1
Shields        | 4 8 9 |  9.6
Fighting       | 4 8 9 |  9.7
Stealth        | 1 |  1.0
Invocations    | 1 |  1.2

Action                   |  1- 3 |  4- 6 |  7- 9 | 10-12 || total
-------------------------+-------+-------+-------+-------++-------
Melee: War axe           |   111 |   136 |   427 |     5 ||   679
       Battleaxe         |       |       |       |    39 ||    39
Invok: Convert to Beogh  |       |       |     1 |       ||     1
Evoke: Wand              |       |       |     3 |       ||     3
  Use: Potion            |     2 |     2 |     2 |     3 ||     9
       Scroll            |       |     2 |     3 |     2 ||     7
Armor: Scale mail        |    64 |    52 |   129 |    22 ||   267
       Skin              |       |       |     7 |       ||     7
Dodge: Dodged            |    27 |    46 |   114 |    38 ||   225
Block: Kite shield       |    76 |   103 |   290 |     6 ||   475
       Tower shield      |       |       |     4 |       ||     4
       Reflection        |       |       |     3 |       ||     3
       Other             |       |       |       |    19 ||    19

Table legend: (Time is in decaauts)
 A = Elapsed time spent in this place.
 B = Non-inter-level travel time spent in this place.
 C = Inter-level travel time spent in this place.
 D = Time resting spent in this place.
 E = Time spent auto-exploring this place.
 F = Levels seen in this place.
 G = Mean time per level.
                   A        B        C        D        E       F      G
               +--------+--------+--------+--------+--------+-----+--------+
         Total |  10167 |   9830 |    337 |      0 |   7913 |   9 | 1129.7 |
       Dungeon |  10167 |   9830 |    337 |      0 |   7913 |   9 | 1129.7 |
               +--------+--------+--------+--------+--------+-----+--------+

Top non-repeatable levels by time:
     D:3: 2734 daAuts
     D:7: 1840 daAuts
     D:5: 1783 daAuts
     D:2: 1185 daAuts
     D:6: 964 daAuts
     D:1: 815 daAuts
     D:4: 720 daAuts
     D:8: 118 daAuts
     D:9: 3 daAuts
